 Dungeon Crawl Stone Soup version 0.28-a0-1084-ga282ea246d (webtiles) character file.

Game seed: 4129587505916417054

332 Peloso the Slasher (level 6, 0/52 (55) HPs)
             Began as a Minotaur Fighter on Dec 10, 2021.
             Slain by a wight (5 damage)
             ... on level 3 of the Dungeon.
             The game lasted 00:03:06 (2287 turns).

Peloso the Slasher (Minotaur Fighter)               Turns: 2287, Time: 00:03:07

HP:   0/52 (55)     AC:  9    Str: 21    XL:     6   Next: 26%
MP:   5/5           EV:  8    Int:  5    God:
Gold: 17            SH:  4    Dex: 11    Spells: 5/5 levels left

rFire   . . .      SeeInvis .   a - +0 long sword
rCold   . . .      Faith    .   c - +0 buckler
rNeg    . . .      Spirit   .   q - +0 chain mail
rPois   .          Reflect  .   (helmet restricted)
rElec   .          Harm     .   j - scarf {+Inv}
rCorr   .          Rampage  .   (no gloves)
Will    .....                   (no boots)
Stlth   ..........              (no amulet)
HPRegen 0.17/turn               (no ring)
MPRegen 0.09/turn               (no ring)

@: drained
A: horns 2, retaliatory headbutt
a: Evoke Invisibility


You were on level 3 of the Dungeon.
You visited 1 branch of the dungeon, and saw 3 of its levels.

You collected 17 gold pieces.

Inventory:

Hand Weapons
 a - a +0 long sword (weapon)
Armour
 b - a +0 scale mail
 c - a +0 buckler (worn)
 j - a scarf of invisibility (worn)
 q - a +0 chain mail (worn)
Jewellery
 f - a ring of willpower
 p - an amulet of reflection
Scrolls
 g - a scroll of holy word {unknown}
 k - a scroll of fear {unknown}
 m - a scroll of acquirement {unknown}
 o - a scroll of immolation {unknown}
 r - a scroll of identify {unknown}
Potions
 d - a potion of might
 e - a potion of flight {unknown}
 h - 3 potions of curing {unknown}
 i - 2 potions of resistance {unknown}
 l - a potion of mutation {unknown}
 n - a potion of cancellation {unknown}


   Skills:
 + Level 4.9 Fighting
 + Level 5.3 Long Blades
 + Level 5.0 Armour
 + Level 2.0 Dodging
 + Level 0.1 Stealth
 + Level 4.3 Shields


You had 5 spell levels left.
You didn't know any spells.
Your spell library was empty.

Dungeon Overview and Level Annotations

Branches:
Dungeon (3/15)

Altars:
Ashenzari


Innate Abilities, Weirdness & Mutations

You have a pair of horns on your head.
You reflexively headbutt those who attack you in melee.


Message History

You destroy the wight!
The wight barely misses you.
Your life force feels restored.
Your Dodging skill gained 2 levels and is now at level 2!
The wight closely misses you.
Things that are here:
a +0 mace; a +0 robe Unknown command.
You hit the wight but do no damage. You block the wight's attack.
The wight misses you.
A wight comes into view.
It is wielding a +5 long sword of freezing.
You completely miss the wight. The wight barely misses you.
The wight hits you but does no damage.
You hit the wight.
The wight is lightly damaged.
The wight hits you but does no damage. You block the wight's attack.
The wight barely misses you.
You hit the wight.
The wight is lightly damaged.
The wight hits you with a +4 morningstar.
The wight hits you with a +4 dagger.
The wight hits you with a +4 morningstar.
You feel drained.
You hit the wight.
The wight is moderately damaged.
The wight hits you but does no damage. You block the wight's attack.
You hit the wight but do no damage.
The wight is moderately damaged.
You block the wight's attack. The wight hits you but does no damage.
You hit the wight but do no damage. Your headbutt misses the wight.
The wight is moderately damaged.
The wight closely misses you. You furiously retaliate!
You headbutt the wight, but do no damage.
The wight hits you with a +4 morningstar.
The wight hits you with a +5 long sword of freezing!
* * * LOW HITPOINT WARNING * * *
You feel drained.
* * * LOW HITPOINT WARNING * * *
The wight freezes you.
You die...

#.##..#......###
#.....#...#.).)####.#
#..##.#...##...)...o#
###..#⌠..#'.#.⌠#..####.#
#..............#...$#
#.###.........#####.#
#.....#.......[...#.#
#.+...+...zz..'...# #
#..(..#...@)..#...#
#.##.##....z....#
#....#.........#...
###..#⌠.#.+##.⌠...#
##.###....####...
#....#....... .#
###..#...#.... #
##.#####.$.# #........##


You could see 3 wights.

Vanquished Creatures
  2 wights (D:3)
  A howler monkey (D:3)
  An orc priest (D:3)
  An orc wizard (D:3)
  2 gnolls (D:1)
  8 adders
  An ufetubus (D:2)
  A dart slug (D:2)
  3 orcs (D:3)
  6 endoplasms
  A giant cockroach (D:1)
  5 goblins
  4 hobgoblins
  7 jackals
  5 kobolds
  3 quokkas
  4 bats
  2 frilled lizards
  3 rats
60 creatures vanquished.

Notes
Turn   | Place    | Note
-------+----------+-------------------------------------------
     0 | D:1      | Peloso the Minotaur Fighter began the quest for the Orb.
     0 | D:1      | Reached XP level 1. HP: 19/19 MP: 0/0
     0 | D:1      | Noticed a tentacled monstrosity
     0 | D:1      | Noticed an ice dragon
     1 | D:1      | Noticed a shadow dragon
     1 | D:1      | Noticed an iron dragon
     4 | D:1      | Noticed a tentacled monstrosity
     4 | D:1      | Noticed an iron dragon
     6 | D:1      | Noticed a shadow dragon
     7 | D:1      | Noticed an ice dragon
     8 | D:1      | Noticed an ice dragon
    11 | D:1      | Noticed a tentacled monstrosity
    11 | D:1      | Noticed a shadow dragon
    13 | D:1      | Noticed an orb of fire
    13 | D:1      | Noticed an orb of fire
    15 | D:1      | Noticed a red draconian
    15 | D:1      | Noticed a tentacled monstrosity
    17 | D:1      | Noticed an orb of fire
    17 | D:1      | Noticed an iron dragon
    19 | D:1      | Noticed a shadow dragon
    22 | D:1      | Noticed a tentacled monstrosity
   348 | D:1      | Reached XP level 2. HP: 27/27 MP: 1/1
   551 | D:1      | Reached XP level 3. HP: 34/34 MP: 2/2
  1161 | D:2      | Reached XP level 4. HP: 41/41 MP: 3/3
  1944 | D:3      | Reached XP level 5. HP: 43/47 MP: 4/4
  1975 | D:3      | Found a broken altar of Ashenzari.
  2067 | D:3      | Reached skill level 5 in Long Blades
  2067 | D:3      | Reached skill level 5 in Armour
  2277 | D:3      | Reached XP level 6. HP: 33/54 MP: 5/5
  2287 | D:3      | Slain by a wight

Illustrated notes

Levels and vault maps discovered:
D:1:      shiori_arrival_whats_in_store_for_you, layout_loops_ring
D:2:      layout_rooms
D:3:      layout_basic, evilmike_ruin_ashenzari, minivault_26, minmay_bisected

Skill      XL: |  1  2  3  4  5  6 |
---------------+-------------------+-----
Armour         | 4 5 |  5.0
Fighting       | 4 |  4.9
Shields        | 4 |  4.3
Long Blades    | 3 4 5 |  5.3
Dodging        | 2 |  2.0
Stealth        | |  0.1

Action                   |  1- 3 |  4- 6 || total
-------------------------+-------+-------++-------
Melee: Long sword        |    48 |   106 ||   154
       Headbutt          |     1 |    21 ||    22
Armor: Scale mail        |    16 |    27 ||    43
       Chain mail        |       |    35 ||    35
Dodge: Dodged            |    16 |    53 ||    69
Block: Buckler           |    15 |    26 ||    41

Table legend: (Time is in decaauts)
 A = Elapsed time spent in this place.
 B = Non-inter-level travel time spent in this place.
 C = Inter-level travel time spent in this place.
 D = Time resting spent in this place.
 E = Time spent auto-exploring this place.
 F = Levels seen in this place.
 G = Mean time per level.
                   A        B        C        D        E       F      G
               +--------+--------+--------+--------+--------+-----+--------+
         Total |   2319 |   2273 |     46 |     16 |   1729 |   3 |  773.0 |
       Dungeon |   2319 |   2273 |     46 |     16 |   1729 |   3 |  773.0 |
               +--------+--------+--------+--------+--------+-----+--------+

Top non-repeatable levels by time:
     D:2: 841 daAuts
     D:3: 754 daAuts
     D:1: 724 daAuts
